 Dungeon Crawl Stone Soup version 0.30-a0-187-gd9c2deaf24 (webtiles) character file.

Game seed: 6874625514267635644

32 KennySheep the Shooter (level 3, -1/28 HPs)
             Began as a Barachi Hunter on Oct 4, 2022.
             Killed from afar by Sigmund (7 damage)
             ... with a magic dart
             ... on level 2 of the Dungeon.
             The game lasted 00:01:43 (961 turns).

KennySheep the Shooter (Barachi Hunter)              Turns: 961, Time: 00:01:43

Health: -1/28      AC:  3    Str: 12    XL:     3   Next: 25%
Magic:  3/3        EV: 12    Int:  9    God:
Gold:   59         SH:  0    Dex: 17    Spells: 2/2 levels left

rFire   . . .      SeeInvis .    b - +0 great sword
rCold   . . .      Faith    .    (shield currently unavailable)
rNeg    . . .      Spirit   .    c - +0 leather armour
rPois   .          Reflect  .    (no helmet)
rElec   .          Harm     .    (no cloak)
rCorr   .          Rampage  .    (no gloves)
Will    .....                    (no boots)
Stlth   ++........               (no amulet)
HPRegen 0.24/turn                (no ring)
MPRegen 0.08/turn                (no ring)

@: slow
A: amphibious, slowness 1, strong legs 1, +LOS
a: Hop


You were on level 2 of the Dungeon.
You visited 1 branch of the dungeon, and saw 2 of its levels.

You collected 59 gold pieces.

Inventory:

Hand Weapons
 a - a +0 shortbow
 b - a +0 great sword (weapon)
Armour
 c - a +0 leather armour (worn)
Jewellery
 o - a ring of fire
Scrolls
 e - a scroll of vulnerability {unknown}
 f - a scroll of enchant weapon {unknown}
 h - 2 scrolls of identify {unknown}
 k - a scroll of fear {unknown}
 l - a scroll of teleportation {unknown}
 n - a scroll of immolation
 p - a scroll of brand weapon {unknown}
 q - a scroll of magic mapping {unknown}
Potions
 d - a potion of mutation {unknown}
 g - a potion of berserk rage {unknown}
 i - 2 potions of flight {unknown}
 j - 2 potions of curing {unknown}
 m - a potion of attraction {unknown}


   Skills:
 + Level 2.9 Fighting
 + Level 0.0 Long Blades
 * Level 4.4 Ranged Weapons
 + Level 2.6 Dodging
 + Level 1.4 Stealth


You had 2 spell levels left.
You didn't know any spells.
Your spell library was empty.

Dungeon Overview and Level Annotations

Branches:
Dungeon (2/15)

Altars:
Yredelemnul

Annotations:
D:2 Sigmund


Innate Abilities, Weirdness & Mutations

You are amphibious.
You cover ground slowly.
You can hop short distances.
You have an extended range of vision and can be seen from far away.


Message History

Sigmund is moderately wounded.
A goblin comes into view. It is wielding a +0 club.
You shoot an arrow. The arrow hits Sigmund!
Sigmund is severely wounded.
A bat comes into view.
You shoot an arrow.
The arrow hits Sigmund but does no damage.
Sigmund is severely wounded.
You shoot an arrow. The arrow hits Sigmund.
Sigmund is almost dead.
Sigmund mumbles some strange words.
Sigmund flickers and vanishes!
Deactivating autopickup; reactivate with Ctrl-A.
You hear some strange, mumbled words.
You are confused.
You are too confused!
You are too confused!
Unknown command.
b - a +0 great sword (weapon)
You bump into the rock wall.
You bump into the rock wall.
You hear some strange, mumbled words.
Something tries to affect you, but you resist.
You bump into the rock wall.
Something hits you!
You bump into the rock wall.
Something hits you. Something hits you.
You feel less confused. Something hits you but does no damage.
You closely miss something.
You hear some strange, mumbled words.
Something tries to affect you, but you resist.
You closely miss something.
You hear some strange, mumbled words.
A magic dart appears from out of thin air!
The magic dart hits you!
* * * LOW HITPOINT WARNING * * *
You hear some strange, mumbled words.
A magic dart appears from out of thin air!
The magic dart hits you!
You die...

#.# #.# #.# #.#
#.# #.# #.# #.#
#.# #.#
#####[####.#####
#..............#
#.############.#
#@# #.# #{# #.#
#b# #.# #g# #.#
#.# #.# ... #.#
.8# #.# . .#)
#.### #. . #
#....


You could see a goblin and a bat.

Vanquished Creatures
  A gnoll (D:1)
  2 dart slugs (D:1)
  4 ball pythons
  3 giant cockroaches (D:1)
  3 goblins
  2 hobgoblins
  A rat (D:1)
16 creatures vanquished.

Vanquished Creatures (others)
  8 plants (D:2)
8 creatures vanquished.

Grand Total: 24 creatures vanquished

Notes
Turn   | Place    | Note
-------+----------+-------------------------------------------
     0 | D:1      | KennySheep the Barachi Hunter began the quest for the Orb.
     0 | D:1      | Reached XP level 1. HP: 17/17 MP: 1/1
    61 | D:1      | Reached skill level 1 in Stealth
   139 | D:1      | Reached XP level 2. HP: 18/23 MP: 2/2
   321 | D:1      | Reached XP level 3. HP: 28/28 MP: 3/3
   847 | D:2      | Found a basalt altar of Yredelemnul.
   946 | D:2      | Noticed Sigmund
   961 | D:2      | Killed from afar by Sigmund

Illustrated notes

Levels and vault maps discovered:
D:1:      amcnicky_arrival_flooded_fountain, layout_basic
D:2:      layout_loops_ring, basic_altar, serial_shops, nicolae_shop_stone,
          ebering_ecumenical_altar_webs, serial_bayou_pond_c,
          minmay_statues_item, uniq_crazy_yiuf_cottage, uniq_sigmund

Skill      XL: |  1 |
---------------+----+-----
Stealth        | 1 |  1.4
Fighting       | |  2.9
Ranged Weapons | |  4.4
Dodging        | |  2.6

Action                   || total
-------------------------++-------
Melee: Great sword       ||     2
 Fire: Shortbow          ||    50
 Abil: Hop               ||     1
Armor: Leather armour    ||     6
Dodge: Dodged            ||    11

Table legend: (Time is in decaauts)
 A = Elapsed time spent in this place.
 B = Non-inter-level travel time spent in this place.
 C = Inter-level travel time spent in this place.
 D = Time resting spent in this place.
 E = Time spent auto-exploring this place.
 F = Levels seen in this place.
 G = Mean time per level.
                   A        B        C        D        E       F      G
               +--------+--------+--------+--------+--------+-----+--------+
         Total |   1144 |    930 |    214 |      0 |    798 |   2 |  572.0 |
       Dungeon |   1144 |    930 |    214 |      0 |    798 |   2 |  572.0 |
               +--------+--------+--------+--------+--------+-----+--------+

Top non-repeatable levels by time:
     D:1: 1007 daAuts
     D:2: 136 daAuts
